[Event "Titled Tuesday Blitz March 14 Early 2023"]
[White "Zhurova, Anna"]
[Black "Smith, Garrett L"]
[WhiteFideId "54113075"]
[BlackFideId "2024829"]
[WhiteElo "2031"]
[BlackElo "2258"]
[Result "0-1"]
[Round "05"]
[TimeControl "180+2"]
[Date "2023.03.14"]
[WhiteClock "0:00:11"]
[BlackClock "0:00:25"]

1. e4 c5 2. Nf3 Nc6 3. d4 cxd4 4. Nxd4 e5 5. Nb5 d6 6. c4 Be7 7. N1c3 a6 8. Na3 f5 9. Bd3 f4 10. Nd5 Nf6 11. g3 O-O 12. gxf4 exf4 13. Bd2 Ne5 14. Nxf6+ Rxf6 15. Be2 Bh3 16. Bc3 Bg2 17. Rg1 Bxe4 18. Qd2 Bg6 19. O-O-O f3 20. Bf1 Qc7 21. h4 Rc8 22. Qd4 Qc5 23. Qd2 Bf7 24. Bd4 Qc7 25. Kb1 Rg6 26. Rxg6 Bxg6+ 27. Ka1 Bxh4 28. c5 Bf6 29. cxd6 Qxd6 30. Bc3 Qxd2 31. Rxd2 h5 32. Nc2 Nc4 33. Bxc4+ Rxc4 34. Ne3 Re4 35. Bxf6 gxf6 36. a3 h4 37. Rd1 h3 38. Rh1 Rh4 39. Rh2 Kf7 40. Ka2 Ke6 41. Kb3 Ke5 42. Kc3 Rh8 43. Nc4+ Kf4 44. Ne3 Bf5 45. Nd5+ Kg4 46. Nxf6+ Kf4 47. Nd5+ Ke5 48. Ne3 Be6 49. Kb4 Rc8 50. Ka5 Rc1 51. Kb6 Rb1 52. b4 Rb3 53. Kxb7 Rxa3 54. Kb6 Rb3 55. Ka5 Rb1 56. Nc2 Rg1 57. Ne3 Rg2 58. Rh1 Rxf2 59. Kxa6 Re2 60. Nf1 f2 61. Rh2 Bc4+ 62. Ka5 Ra2+ 63. Kb6 Bxf1 64. Rxf2 Rxf2 0-1


[Site "https://www.chess.com"]

[Event "Titled Tuesday Blitz March 14 Early 2023"]
[White "Matlakov, Maxim"]
[Black "Nakamura, Hikaru"]
[WhiteFideId "4168003"]
[BlackFideId "2016192"]
[WhiteElo "2666"]
[BlackElo "2879"]
[Result "1-0"]
[Round "06"]
[TimeControl "180+2"]
[Date "2023.03.14"]
[WhiteClock "0:00:36"]
[BlackClock "0:00:18"]

1. d4 f5 2. Bf4 d6 3. e3 Nf6 4. Nc3 c6 5. Bd3 Qa5 6. Nf3 Nd5 7. O-O Nxc3 8. bxc3 Nd7 9. e4 fxe4 10. Bxe4 Nf6 11. Bd3 Bg4 12. h3 Bh5 13. g4 Bf7 14. Ng5 Bg8 15. Re1 O-O-O 16. c4 h5 17. Rb1 hxg4 18. hxg4 g6 19. Ne6 Bxe6 20. Rxe6 Bh6 21. Bg3 Bg5 22. Rxe7 Rd7 23. Rxd7 Nxd7 24. Bxg6 Qa6 25. c5 Qxa2 26. Rb3 a5 27. Bf5 a4 28. Bxd7+ Kxd7 29. Rxb7+ Kc8 30. Ra7 Qd5 31. Ra8+ Kd7 32. Rxh8 a3 33. Rh7+ Ke8 34. Qe2+ Kf8 35. Bxd6+ Kg8 1-0


[Site "https://www.chess.com"]

[Event "Titled Tuesday Blitz March 14 Early 2023"]
[White "Erigaisi Arjun"]
[Black "Wei, Yi"]
[WhiteFideId "35009192"]
[BlackFideId "8603405"]
[WhiteElo "2737"]
[BlackElo "2686"]
[Result "0-1"]
[Round "06"]
[TimeControl "180+2"]
[Date "2023.03.14"]
[WhiteClock "0:00:03"]
[BlackClock "0:00:04"]

1. c4 e5 2. d3 Nf6 3. Nf3 Nc6 4. a3 d5 5. cxd5 Nxd5 6. e4 Nb6 7. Be3 Be7 8. Be2 O-O 9. O-O Be6 10. Nbd2 a5 11. Rc1 Qd7 12. Nb3 a4 13. Nc5 Bxc5 14. Rxc5 Bb3 15. Qd2 Rfe8 16. Rfc1 f6 17. h3 Re7 18. Qc3 Rd8 19. Bf1 Bf7 20. Bd2 Nc8 21. Be3 N8a7 22. Qe1 b6 23. R5c3 Qd6 24. Qd1 Bb3 25. Rxb3 axb3 26. Qxb3+ Kh8 27. h4 Na5 28. Qa2 c5 29. b4 Nb7 30. h5 Nc6 31. bxc5 Nxc5 32. Nh4 Nd4 33. Bxd4 exd4 34. g3 Qe6 35. Qe2 Qe5 36. f4 Qe6 37. Qh2 Kg8 38. Nf5 Ra7 39. Qh4 Kf8 40. Qg4 Qb3 41. h6 g6 42. Ng7 Qf7 43. e5 f5 44. Qe2 Qe7 45. Qb2 Rb7 46. Qa2 Qf7 47. Qb1 Qb3 48. Qa1 Ke7 49. Rb1 Qc3 50. Qa2 Kd7 51. Qf7+ Kc8 52. Qf6 Rdd7 53. Qc6+ Kb8 54. Bg2 Rdc7 55. Qe8+ Rc8 56. Qb5 Qxd3 57. Qxd3 Nxd3 58. Bxb7 Kxb7 59. e6 Rc7 60. Rd1 Nc5 61. Rxd4 Re7 62. Rd5 Kc7 63. g4 fxg4 64. Kf2 Ne4+ 65. Kg2 Nc5 66. Kg3 Nxe6 67. Re5 Kd6 68. Rxe6+ Rxe6 69. Nxe6 Kxe6 70. Kxg4 Kf6 71. a4 Kf7 72. f5 Kf6 73. fxg6 Kxg6 74. Kf4 Kxh6 75. Kg4 Kg6 76. Kf4 Kf6 77. Ke4 Ke6 78. Kd4 Kd6 79. Kc4 Kc6 0-1


[Site "https://www.chess.com"]

[Event "Titled Tuesday Blitz March 14 Early 2023"]
[White "Yu, Yangyi"]
[Black "Sarana, Alexey"]
[WhiteFideId "8603820"]
[BlackFideId "24133795"]
[WhiteElo "2783"]
[BlackElo "2714"]
[Result "1-0"]
[Round "06"]
[TimeControl "180+2"]
[Date "2023.03.14"]
[WhiteClock "0:01:19"]
[BlackClock "0:01:06"]

1. Nf3 d5 2. g3 Nf6 3. Bg2 g6 4. c4 c6 5. Qa4 Nbd7 6. cxd5 Nxd5 7. O-O Bg7 8. d4 O-O 9. e4 N5b6 10. Qc2 e5 11. Bg5 Qe8 12. Rd1 exd4 13. Nxd4 Ne5 14. Nc3 Bg4 15. Re1 c5 16. Ndb5 Qc6 17. a4 Nf3+ 18. Bxf3 Bxf3 19. Qd3 Bg4 20. Nd5 Kh8 21. Be7 c4 22. Qd2 Rg8 23. Nd6 Be6 24. Nf6 Rgd8 25. Bxd8 Rxd8 26. Nxf7+ 1-0


[Site "https://www.chess.com"]

[Event "Titled Tuesday Blitz March 14 Early 2023"]
[White "Bluebaum, Matthias"]
[Black "Xu, Xiangyu"]
[WhiteFideId "24651516"]
[BlackFideId "8608288"]
[WhiteElo "2638"]
[BlackElo "2477"]
[Result "1/2-1/2"]
[Round "06"]
[TimeControl "180+2"]
[Date "2023.03.14"]
[WhiteClock "0:00:12"]
[BlackClock "0:00:12"]

1. d4 Nf6 2. c4 e6 3. Nc3 Bb4 4. e3 O-O 5. Bd2 d5 6. Nf3 b6 7. cxd5 exd5 8. Rc1 Bd6 9. Nb5 c5 10. dxc5 bxc5 11. Nxd6 Qxd6 12. Bd3 Bg4 13. h3 Bh5 14. O-O Nbd7 15. Be2 Ne4 16. b3 Rac8 17. Be1 Rfd8 18. Nd2 Bg6 19. Nxe4 Bxe4 20. Bc3 Nf8 21. Bb2 Ne6 22. Bf3 Bxf3 23. Qxf3 d4 24. Rfd1 h6 25. Qg4 Qa6 26. exd4 cxd4 27. Rxc8 Qxc8 28. Qe4 Qa6 29. Qb1 Nf4 30. Qe4 Ne6 31. Qb1 d3 32. Bc3 Nf4 33. Bd2 Ne2+ 34. Kh1 Qf6 35. Rf1 Qc6 36. Rd1 a6 37. Qa1 Rd6 38. Be3 Rg6 39. f3 Rd6 40. Qe5 Re6 41. Qb8+ Re8 42. Qb6 Qc2 43. Rd2 Qc1+ 44. Kh2 Qc3 45. Qc5 Qxc5 46. Bxc5 Nc1 47. Rd1 Nxa2 48. Rxd3 Rb8 49. Rd2 Nc3 50. b4 Na4 51. Ra2 Nxc5 52. bxc5 Rc8 53. Rxa6 Rxc5 54. h4 g6 55. Kh3 Kg7 56. Ra4 Rc7 57. Kg3 Rc8 58. h5 Rc7 59. hxg6 fxg6 60. Ra6 Rf7 61. f4 Re7 62. Kg4 Rf7 63. g3 Re7 64. Kh4 Rf7 65. Kh3 Re7 66. g4 Rf7 67. Kg3 Re7 68. Ra3 Rd7 69. Rc3 Re7 70. Rd3 Rc7 71. Re3 Rb7 72. Ra3 Rc7 73. Kh4 Rd7 74. Ra6 Rc7 75. Rb6 Rd7 76. Re6 Rd1 77. Ra6 Rh1+ 78. Kg3 Rg1+ 79. Kh3 Rh1+ 80. Kg2 Rd1 81. Ra7+ Kf6 82. Ra6+ Kg7 83. Ra7+ Kf6 84. Ra6+ Kg7 1/2-1/2


[Site "https://www.chess.com"]

[Event "Titled Tuesday Blitz March 14 Early 2023"]
[White "So, Wesley"]
[Black "Timofeev, Artyom"]
[WhiteFideId "5202213"]
[BlackFideId "4140419"]
[WhiteElo "2739"]
[BlackElo "2586"]
[Result "1-0"]
[Round "06"]
[TimeControl "180+2"]
[Date "2023.03.14"]
[WhiteClock "0:00:09"]
[BlackClock "0:00:01"]

1. d4 d5 2. c4 e6 3. Nc3 c6 4. e4 dxe4 5. Nxe4 Bb4+ 6. Bd2 Qxd4 7. Bxb4 Qxe4+ 8. Ne2 Na6 9. Bf8 Ne7 10. Bxg7 Rg8 11. f3 Qxc4 12. Ng3 Qh4 13. Be5 Nd5 14. Bxa6 Qb4+ 15. Kf2 Qb6+ 16. Bd4 c5 17. Be5 bxa6 18. Re1 Bb7 19. Ne4 Rd8 20. Qa4+ Bc6 21. Qc4 Bb5 22. Qxc5 Qxc5+ 23. Nxc5 Nb4 24. Rad1 Rd5 25. Rxd5 Nxd5 26. a4 Bc6 27. b3 Ke7 28. Nxa6 Rc8 29. Rc1 Bb7 30. Rxc8 Bxc8 31. Nc5 f6 32. Bb2 e5 33. Ba3 Kd6 34. Ne4+ Ke6 35. g4 a6 36. h4 Nf4 37. h5 Nd5 38. Ke2 Nf4+ 39. Kd2 Nd5 40. Bc5 a5 41. Ba3 Kf7 42. Nd6+ 1-0


[Site "https://www.chess.com"]

[Event "Titled Tuesday Blitz March 14 Early 2023"]
[White "Bachmann, Axel"]
[Black "Caruana, Fabiano"]
[WhiteFideId "3700488"]
[BlackFideId "2020009"]
[WhiteElo "2605"]
[BlackElo "2818"]
[Result "0-1"]
[Round "06"]
[TimeControl "180+2"]
[Date "2023.03.14"]
[WhiteClock "0:00:02"]
[BlackClock "0:00:12"]

1. Nf3 d5 2. e3 Nf6 3. c4 e6 4. Nc3 b6 5. b3 Bd6 6. cxd5 exd5 7. Bb2 O-O 8. Rc1 a6 9. g3 Re8 10. Bg2 Nbd7 11. O-O Nc5 12. Qc2 Bb7 13. Ne2 Ne6 14. Ned4 Nxd4 15. Nxd4 c5 16. Nf5 Bf8 17. d4 Ne4 18. dxc5 bxc5 19. Rfd1 Qg5 20. Nh4 Rad8 21. Nf3 Qh5 22. Nd2 Nxf2 23. Kxf2 d4 24. e4 Be7 25. Nf3 Rc8 26. Re1 Red8 27. Qd2 c4 28. Rxc4 Rxc4 29. bxc4 a5 30. a3 Ba6 31. Kg1 Bxc4 32. Rc1 Be6 33. Nxd4 Bg5 34. Qf2 Bxc1 35. Bf3 Qh6 36. Nxe6 Be3 37. Nxd8 Bxf2+ 0-1


[Site "https://www.chess.com"]

[Event "Titled Tuesday Blitz March 14 Early 2023"]
[White "Dubov, Daniil"]
[Black "Ozen, Bahadir"]
[WhiteFideId "24126055"]
[BlackFideId "6337058"]
[WhiteElo "2802"]
[BlackElo "2503"]
[Result "1-0"]
[Round "06"]
[TimeControl "180+2"]
[Date "2023.03.14"]
[WhiteClock "0:00:09"]
[BlackClock "0:00:06"]

1. d4 d5 2. c4 c6 3. Nf3 Nf6 4. Nc3 e6 5. g3 dxc4 6. Bg2 Nbd7 7. O-O b5 8. e4 Bb7 9. e5 Nd5 10. Ng5 h6 11. Qh5 g6 12. Qh3 Bg7 13. Nge4 Bf8 14. Bg5 Qc7 15. Rac1 Rg8 16. Bd2 O-O-O 17. b3 Ba3 18. bxc4 bxc4 19. Rb1 N7b6 20. Qxh6 Rh8 21. Qg5 Ba6 22. h4 Rh5 23. Qg4 Ne7 24. Bc1 Bxc1 25. Nd6+ Rxd6 26. exd6 Qxd6 27. Rfxc1 f5 28. Qe2 Rh8 29. Re1 Kd7 30. Qd2 Ned5 31. Re5 Rd8 32. Rbe1 Re8 33. Bxd5 Nxd5 34. Na4 Bc8 35. Nc5+ Kd8 36. Qa5+ Qc7 37. Qa3 c3 38. Rc1 Qb6 39. Qb3 Kc7 40. Kg2 Kd6 41. Rxc3 Nxc3 42. Qxc3 Kc7 43. Qe3 Kb8 44. a4 Qb2 45. Qf4 Ka8 46. Re3 Qb8 47. Re5 Qd6 48. Qe3 Re7 49. Nd3 Re8 50. Nf4 Rd8 51. Nxg6 Qxd4 52. Qxd4 Rxd4 53. h5 Rd7 54. Rxe6 Rh7 55. Re8 Kb8 56. Ne7 Kc7 57. Rxc8+ Kd7 58. Ra8 1-0


[Site "https://www.chess.com"]

[Event "Titled Tuesday Blitz March 14 Early 2023"]
[White "Vakhlamov, Igor L."]
[Black "Le, Tuan Minh"]
[WhiteFideId "24126748"]
[BlackFideId "12401153"]
[WhiteElo "2400"]
[BlackElo "2558"]
[Result "1/2-1/2"]
[Round "06"]
[TimeControl "180+2"]
[Date "2023.03.14"]
[WhiteClock "0:00:09"]
[BlackClock "0:00:17"]

1. e4 c5 2. Nc3 Nc6 3. Nf3 g6 4. d4 cxd4 5. Nxd4 Bg7 6. Nxc6 bxc6 7. Bc4 d6 8. O-O Nf6 9. e5 dxe5 10. Qxd8+ Kxd8 11. Re1 e6 12. Rxe5 Nd5 13. Re2 Rb8 14. Na4 Rb4 15. Bb3 Ba6 16. Re1 Rb8 17. c4 Nb6 18. Nc5 Bxc4 19. Bf4 Ke7 20. Bxb8 Rxb8 21. Rac1 Bd5 22. Rc2 Rd8 23. h3 h5 24. Na4 Nxa4 25. Bxa4 Rb8 26. Bxc6 Bxc6 27. Rxc6 Rxb2 28. Rc7+ Ke8 29. Rd1 Rxa2 30. g3 Be5 31. Rb7 Rb2 32. Rxa7 h4 33. gxh4 Bb8 34. Rad7 Rb4 35. R7d4 Rb5 36. Kg2 Be5 37. Ra4 Rb7 38. Rd3 Kf8 39. Re3 Bf6 40. Rf3 Kg7 41. Rg4 Rb5 42. Rgf4 Rf5 43. Rxf5 gxf5 44. Rf4 Be5 45. Ra4 Kg6 46. f4 Bf6 47. Kg3 Kg7 48. Ra8 Be7 49. Ra7 Bc5 50. Rc7 Bb4 51. Rd7 Be1+ 52. Kf3 Bxh4 53. Rd1 Bf6 54. Rg1+ Kf8 55. Rg2 Be7 56. Kg3 Kg7 57. Kf3+ Kh7 58. Rg1 Bc5 59. Rg2 Bd6 60. Rd2 Be7 61. Rd1 Bf6 62. Rd7 Kg6 63. Rb7 Bd4 64. Rb4 Bc5 65. Ra4 Be7 66. Ra6 Bd8 67. Ra8 Be7 68. Rg8+ Kh7 69. Rg2 Bf6 70. Ke3 Bd8 71. Kd3 Bc7 72. Ke3 Bb6+ 73. Kf3 Bd8 74. Rc2 Kg7 75. Rc8 Be7 76. Ra8 Bf6 77. Ra4 Be7 78. Ke3 Bd6 79. Ke2 Kg6 80. Kf3 Kg7 81. Ra6 Be7 82. Ra7 Bc5 83. Rb7 Bd6 84. Rb6 Bc7 85. Rc6 Bd8 86. Rc2 Bf6 87. Rg2+ Kh7 88. Rg1 Bd8 89. Rg2 Be7 90. Rg1 Bd8 91. Rb1 Kg7 92. Rb8 Bc7 93. Ra8 Bb6 94. Ra6 Bd4 95. Rc6 Bf6 96. Rc7 Bd8 97. Rd7 Bf6 98. Kg3 Kg6 99. h4 Kg7 100. h5 Bc3 101. Kf3 Bb2 102. Rc7 Bd4 103. Rb7 Bc3 104. Ke2 Bd4 105. Kd3 Bc5 106. h6+ Kxh6 107. Rxf7 Kg6 108. Rd7 Kf6 109. Ke2 Bb4 110. Kf3 Bc5 111. Rc7 Bd6 112. Rc2 Be7 113. Rh2 Bd6 1/2-1/2


[Site "https://www.chess.com"]

[Event "Titled Tuesday Blitz March 14 Early 2023"]
[White "Madaminov, Mukhiddin"]
[Black "Lazavik, Denis"]
[WhiteFideId "14210703"]
[BlackFideId "13515110"]
[WhiteElo "2511"]
[BlackElo "2560"]
[Result "0-1"]
[Round "06"]
[TimeControl "180+2"]
[Date "2023.03.14"]
[WhiteClock "0:00:01"]
[BlackClock "0:00:14"]

1. d4 Nf6 2. Nc3 d5 3. Bf4 a6 4. e3 e6 5. g4 Bb4 6. Bg2 c5 7. g5 Nfd7 8. Ne2 Nc6 9. O-O cxd4 10. Nxd4 Be7 11. h4 Nb6 12. e4 O-O 13. exd5 exd5 14. Re1 Bd6 15. Bxd6 Qxd6 16. b3 Ne5 17. Qd2 Ng6 18. Nf3 Bg4 19. Qd4 Bf5 20. h5 Nf4 21. Re5 Ne6 22. Qd2 Bg4 23. Rae1 Rad8 24. Nd4 Bxh5 25. Nxd5 Nxd5 26. Rxd5 Qb6 27. Ree5 Nxd4 28. Rxd8 Rxd8 29. c3 Ne6 30. Qe1 Rd1 31. Kh2 Rxe1 0-1


[Site "https://www.chess.com"]

[Event "Titled Tuesday Blitz March 14 Early 2023"]
[White "Aditya Mittal"]
[Black "Lenderman, Aleksandr"]
[WhiteFideId "35042025"]
[BlackFideId "2021285"]
[WhiteElo "2396"]
[BlackElo "2607"]
[Result "1-0"]
[Round "06"]
[TimeControl "180+2"]
[Date "2023.03.14"]
[WhiteClock "0:00:09"]
[BlackClock "0:00:05"]

1. d4 e6 2. c4 b6 3. e4 Bb4+ 4. Bd2 Bxd2+ 5. Qxd2 d5 6. cxd5 exd5 7. e5 Ne7 8. Nc3 O-O 9. f4 c5 10. Nf3 Nbc6 11. Be2 Bg4 12. dxc5 bxc5 13. h3 Bxf3 14. Bxf3 Nd4 15. O-O Rb8 16. Rad1 Nxf3+ 17. Rxf3 d4 18. Ne4 Qd5 19. Qc2 Rfc8 20. Nd6 Rc6 21. b3 Rd8 22. Qc4 Qxc4 23. Nxc4 Nd5 24. Kf2 Rb8 25. Re1 a5 26. f5 Ra6 27. e6 f6 28. a4 Kf8 29. Rg3 Ne7 30. Rf3 Rd8 31. g4 Rd5 32. Rc1 Ke8 33. Nd2 Nc6 34. Ne4 Ne5 35. Rg3 Rc6 36. g5 fxg5 37. f6 g6 38. Nxg5 Nd3+ 39. Rxd3 Rxg5 40. f7+ Kf8 41. Re1 Rc7 42. Rf3 Re7 43. Re4 Rd5 44. Ke2 Rd6 45. Rf6 Rb6 46. Re5 Rxb3 47. Kd2 c4 48. Rd5 c3+ 49. Kd3 Rb8 50. Rxd4 Rc8 51. Kc2 Kg7 52. Rdf4 Rf8 53. h4 Rc7 54. Rf1 h6 55. R6f4 g5 56. Re4 Re7 57. hxg5 hxg5 58. Re5 Kg6 59. Rff5 g4 60. Rf1 g3 61. Re3 g2 62. Rg3+ Kh5 63. Rxg2 Rxe6 64. Rh1# 1-0


[Site "https://www.chess.com"]

[Event "Titled Tuesday Blitz March 14 Early 2023"]
[White "Martinez Alcantara, Jose Eduardo"]
[Black "Real_OceanStorm"]
[WhiteFideId "3805662"]
[WhiteElo "2712"]
[BlackElo "2821"]
[Result "1-0"]
[Round "06"]
[TimeControl "180+2"]
[Date "2023.03.14"]
[WhiteClock "0:00:29"]
[BlackClock "0:00:02"]

1. e4 e6 2. d4 d5 3. Nd2 c5 4. Ngf3 Nc6 5. exd5 Qxd5 6. Bc4 Qf5 7. dxc5 Nf6 8. O-O Bxc5 9. Bd3 Qh5 10. Ne4 Nxe4 11. Bxe4 Be7 12. Be3 O-O 13. Nd4 Qxd1 14. Rfxd1 Nxd4 15. Bxd4 a5 16. a4 Ra6 17. Be3 f5 18. Bf3 e5 19. Bd5+ Be6 20. f3 Bxd5 21. Rxd5 Re6 22. Rxa5 f4 23. Bf2 Rc8 24. c3 Rd8 25. Re1 Bf6 26. Rb5 Re7 27. Kf1 Rd2 28. Re2 Rd1+ 29. Be1 Ra1 30. Rb4 Kf7 31. g3 fxg3 32. hxg3 Rc1 33. Kg2 Rd1 34. Bf2 Red7 35. Rb5 R1d3 36. a5 R3d5 37. Rxd5 Rxd5 38. Bb6 g6 39. b4 Rd3 40. Rc2 e4 41. fxe4 Be5 42. c4 Rxg3+ 43. Kf1 Rd3 44. b5 Ke6 45. Ke2 Rb3 46. Ra2 Rb4 47. Kd3 Rb3+ 48. Ke2 Rb4 49. a6 Rxc4 50. a7 1-0


[Site "https://www.chess.com"]

[Event "Titled Tuesday Blitz March 14 Early 2023"]
[White "Steinberg, Nitzan"]
[Black "Urazayev, Arystanbek"]
[WhiteFideId "2801795"]
[BlackFideId "13709810"]
[WhiteElo "2486"]
[BlackElo "2479"]
[Result "0-1"]
[Round "06"]
[TimeControl "180+2"]
[Date "2023.03.14"]
[WhiteClock "0:00:04"]
[BlackClock "0:00:09"]

1. Nf3 d5 2. g3 b6 3. Bg2 Bb7 4. O-O Nd7 5. d4 e6 6. a4 Ngf6 7. a5 bxa5 8. Bd2 Bd6 9. Bxa5 O-O 10. Nbd2 Qe7 11. c4 dxc4 12. Nxc4 Bd5 13. Nfe5 Bxg2 14. Kxg2 Bxe5 15. dxe5 Nd5 16. Rc1 Rfd8 17. Qc2 N5b6 18. Qe4 Nxc4 19. Rxc4 Nb6 20. Rc2 Nd5 21. Rfc1 Rac8 22. Rc6 h6 23. h4 Rd7 24. R1c2 Rb8 25. Qc4 Nb6 26. Qa6 Qd8 27. Qb5 Rd5 28. R6c5 Rd1 29. Qc6 Qd4 30. Qf3 Nd5 31. Bxc7 Rc8 32. Bd6 Rxc5 33. Rxc5 f5 34. Rc8+ Kh7 35. h5 Qd2 36. g4 Qe1 37. Kh2 Qg1+ 38. Kh3 fxg4+ 39. Qxg4 Qh1+ 40. Kg3 Rg1# 0-1


[Site "https://www.chess.com"]

[Event "Titled Tuesday Blitz March 14 Early 2023"]
[White "Galchenko, Matvey"]
[Black "Nguyen, Ngoc Truong Son"]
[WhiteFideId "24175480"]
[BlackFideId "12401110"]
[WhiteElo "2404"]
[BlackElo "2571"]
[Result "0-1"]
[Round "06"]
[TimeControl "180+2"]
[Date "2023.03.14"]
[WhiteClock "0:00:11"]
[BlackClock "0:00:14"]

1. e4 c5 2. c3 e6 3. d4 d5 4. exd5 Qxd5 5. Nf3 Nf6 6. Na3 Be7 7. Nb5 Na6 8. Be3 O-O 9. c4 Qd8 10. Be2 Bd7 11. Ne5 Bxb5 12. cxb5 cxd4 13. Qxd4 Qxd4 14. Bxd4 Nb4 15. O-O Rfd8 16. Bc3 Nbd5 17. Bf3 Rac8 18. Rac1 Bd6 19. Bd4 Kf8 20. Nc4 Bc5 21. Be5 b6 22. a3 Be7 23. b4 Ne8 24. Rfd1 Bf6 25. Bxf6 gxf6 26. g3 Ne7 27. Ne3 Rxd1+ 28. Rxd1 Rc3 29. a4 Rb3 30. Rd7 Rxb4 31. Rxa7 f5 32. Be2 Nd6 33. Rd7 Ne4 34. Nc4 Nd5 35. Rxd5 exd5 36. Nxb6 Nc3 37. Bd3 Nxa4 38. Nxd5 Rb2 39. Nc7 Nc5 40. Bxf5 Nb3 41. Bxh7 Nd4 42. Bd3 Nf3+ 43. Kh1 Ne5 44. Be4 Rxf2 45. b6 Rb2 46. b7 Nd7 47. Na6 Rb6 48. Bd3 Rxb7 49. Kg2 Ne5 50. Bf1 Rb2+ 51. Kh3 Nf3 52. Bg2 Ng1+ 53. Kg4 Rxg2 54. Nc7 Rxh2 55. Nd5 Kg7 56. Ne3 Rf2 57. Nf5+ Rxf5 58. Kxf5 Ne2 59. g4 Nc3 60. Kg5 Nb5 61. Kf4 Nd6 62. Ke5 Nc8 63. Kf4 Ne7 64. g5 Ng6+ 65. Kg4 Kf8 66. Kf5 Ke7 67. Ke4 Ke6 68. Kf3 Kf5 0-1


[Site "https://www.chess.com"]

[Event "Titled Tuesday Blitz March 14 Early 2023"]
[White "Costachi, Mihnea"]
[Black "Eljanov, Pavel"]
[WhiteFideId "1217518"]
[BlackFideId "14102951"]
[WhiteElo "2456"]
[BlackElo "2598"]
[Result "0-1"]
[Round "06"]
[TimeControl "180+2"]
[Date "2023.03.14"]
[WhiteClock "0:00:08"]
[BlackClock "0:00:32"]

1. d4 Nf6 2. c4 e6 3. Nf3 b6 4. g3 Bb7 5. Bg2 Be7 6. O-O O-O 7. Re1 Ne4 8. d5 c6 9. dxe6 dxe6 10. Qc2 Nf6 11. Rd1 Qc8 12. b3 c5 13. Bb2 Nc6 14. a3 Qc7 15. Nc3 Rad8 16. e3 a6 17. h3 Nd7 18. Ne4 Nce5 19. Nxe5 Nxe5 20. Qc3 f6 21. f4 Nf7 22. Qc2 f5 23. Nf2 Bxg2 24. Kxg2 Qc6+ 25. e4 Nd6 26. Re1 Nxe4 27. Nxe4 fxe4 28. Re3 Rd3 29. Rae1 Rfd8 30. Bc1 Rxe3 31. Rxe3 Rd3 32. Qe2 Rxe3 33. Bxe3 Bf6 34. Qd2 Bd4 35. Kf2 Qd6 36. Ke2 e5 37. fxe5 Qxe5 38. Kf2 Qf5+ 39. Kg1 Qf3 40. Bxd4 Qxg3+ 41. Kf1 Qxh3+ 42. Ke1 Qh1+ 43. Ke2 Qf3+ 44. Ke1 cxd4 45. Qxd4 Qg3+ 46. Ke2 Qd3+ 47. Qxd3 exd3+ 48. Kxd3 Kf7 49. b4 Ke6 50. Ke4 h5 51. a4 a5 52. c5 axb4 53. cxb6 Kd6 54. a5 Kc6 55. Kd4 h4 56. Kc4 h3 57. b7 Kxb7 58. Kxb4 h2 0-1


[Site "https://www.chess.com"]

[Event "Titled Tuesday Blitz March 14 Early 2023"]
[White "Fernandez Guillen, Ernesto J."]
[Black "Rustemov, Alexander"]
[WhiteFideId "3512428"]
[BlackFideId "4119002"]
[WhiteElo "2423"]
[BlackElo "2929"]
[Result "0-1"]
[Round "06"]
[TimeControl "180+2"]
[Date "2023.03.14"]
[WhiteClock "0:00:01"]
[BlackClock "0:00:52"]

1. e4 e6 2. Nf3 d5 3. Nc3 dxe4 4. Nxe4 Bd7 5. d4 Bc6 6. Bd3 Nd7 7. c3 Ngf6 8. Ng3 Be7 9. Qc2 Bxf3 10. gxf3 c6 11. Be3 Qa5 12. O-O O-O 13. Kh1 g6 14. Rg1 Qd5 15. Be4 Qd6 16. Rg2 Nd5 17. Rag1 f5 18. Bxd5 Qxd5 19. Bh6 Rfe8 20. Qe2 b5 21. Nh5 Kf7 22. Nf4 Qd6 23. Nd3 Bf6 24. b3 e5 25. dxe5 Nxe5 26. Nxe5+ Rxe5 27. Qc2 Qd5 28. Bf4 Re7 29. c4 bxc4 30. bxc4 Qxf3 31. Bd6 Re2 32. Qb1 Rd8 33. Qb7+ Be7 34. Bc7 Rdd2 35. Bg3 f4 36. Bh4 h6 37. Bxe7 Rxe7 38. Qc8 Rxf2 39. Qa8 Rxg2 0-1


[Site "https://www.chess.com"]

[Event "Titled Tuesday Blitz March 14 Early 2023"]
[White "Firouzja, Alireza"]
[Black "Drygalov, Andrey"]
[WhiteFideId "12573981"]
[BlackFideId "24171735"]
[WhiteElo "2904"]
[BlackElo "2471"]
[Result "1-0"]
[Round "06"]
[TimeControl "180+2"]
[Date "2023.03.14"]
[WhiteClock "0:00:06"]
[BlackClock "0:00:03"]

1. d4 Nf6 2. c4 e6 3. a3 d5 4. e3 b6 5. cxd5 exd5 6. Bd3 Bd6 7. Nc3 O-O 8. Nge2 Bb7 9. O-O Nbd7 10. f3 Re8 11. Bd2 c5 12. Rc1 a6 13. Kh1 Rc8 14. g4 cxd4 15. exd4 Ne4 16. Be1 Qf6 17. Kg2 Nxc3 18. Nxc3 b5 19. Bg3 Nb6 20. Bxd6 Qxd6 21. Qd2 Nc4 22. Bxc4 dxc4 23. d5 Rcd8 24. Rcd1 h6 25. Rfe1 Rxe1 26. Rxe1 a5 27. Nxb5 Qxd5 28. Qxd5 Rxd5 29. Nc3 Rd2+ 30. Re2 Rd3 31. Rf2 g5 32. Kg3 Kg7 33. h4 f5 34. hxg5 hxg5 35. gxf5 Kf6 36. Kg4 Rd4+ 37. f4 Bc8 38. Kg3 Bxf5 39. fxg5+ Kxg5 40. Kf3 Rd3+ 41. Ke2 Bg4+ 42. Ke1 Bf5 43. Ke2 Kf6 44. Ke1 Ke5 45. Re2+ Kd6 46. Re8 Bd7 47. Ra8 Rh3 48. Rxa5 Rh1+ 49. Kd2 Rh2+ 50. Kc1 Rh1+ 51. Kc2 Be8 52. Ra6+ Kc7 53. Re6 Bd7 54. Re5 Kd6 55. Rd5+ Kc6 56. Rg5 Rf1 57. a4 Bf5+ 58. Kd2 Kd6 59. a5 Ke6 60. Rh5 Ra1 61. Rh6+ Ke5 62. Ra6 Rf1 63. Rb6 Rf2+ 64. Ke3 Rf1 65. Rb5+ Ke6 66. Kd4 Bd3 67. Rb6+ Kd7 68. a6 Ra1 69. Kc5 Ra5+ 70. Kb4 Ra1 71. Kb5 Kc7 72. Kc5 Ra5+ 73. Nb5+ Kc8 74. a7 c3 75. bxc3 Bxb5 76. Rb8+ Kc7 77. a8=Q 1-0


[Site "https://www.chess.com"]

[Event "Titled Tuesday Blitz March 14 Early 2023"]
[White "Bortnyk, Olexandr"]
[Black "Zahid, Sanatan"]
[WhiteFideId "14120828"]
[BlackFideId "10201963"]
[WhiteElo "2734"]
[BlackElo "1865"]
[Result "0-1"]
[Round "06"]
[TimeControl "180+2"]
[Date "2023.03.14"]
[WhiteClock "0:00:02"]
[BlackClock "0:00:50"]

1. d4 e6 2. Nc3 Nf6 3. e4 d5 4. Bg5 Be7 5. e5 Nfd7 6. h4 h6 7. Bxe7 Qxe7 8. Qg4 O-O 9. f4 c5 10. O-O-O Nc6 11. Nf3 f5 12. Qg6 cxd4 13. Nb5 Qf7 14. Qxf7+ Kxf7 15. Nd6+ Ke7 16. Bb5 Nc5 17. Bxc6 bxc6 18. Nxd4 Bd7 19. Rh3 Ne4 20. Nxe4 fxe4 21. Rg3 Rxf4 22. Rxg7+ Rf7 23. Rg6 c5 24. Nb3 Rc8 25. Rxh6 d4 26. Nd2 Bc6 27. Nc4 Rcf8 28. Nd6 Rg7 29. b4 Rf2 30. bxc5 Rgxg2 31. Rh7+ Kf8 32. Kb2 Rxc2+ 33. Kb3 Bd5+ 34. Kb4 Rb2+ 35. Ka5 Rxa2+ 36. Kb5 Rgb2# 0-1


[Site "https://www.chess.com"]

[Event "Titled Tuesday Blitz March 14 Early 2023"]
[White "Vokhidov, Shamsiddin"]
[Black "Lobanov, Sergei"]
[WhiteFideId "14204223"]
[BlackFideId "24183750"]
[WhiteElo "2570"]
[BlackElo "2489"]
[Result "0-1"]
[Round "06"]
[TimeControl "180+2"]
[Date "2023.03.14"]
[WhiteClock "0:00:03"]
[BlackClock "0:00:04"]

1. e4 e5 2. Nf3 Nc6 3. Nc3 Nf6 4. a3 Be7 5. d4 exd4 6. Nxd4 O-O 7. Nxc6 bxc6 8. e5 Ne8 9. Bd3 d6 10. Qh5 g6 11. Qe2 Ng7 12. O-O Rb8 13. Rd1 Be6 14. b3 d5 15. Bh6 c5 16. Na4 c6 17. Be3 Qa5 18. Qd2 Qxd2 19. Rxd2 d4 20. Bh6 c4 21. Bxc4 Bxc4 22. bxc4 Rfd8 23. Bxg7 Kxg7 24. f4 f6 25. exf6+ Kxf6 26. Kf2 Kf5 27. Kf3 h5 28. g3 g5 29. Re2 Bf6 30. Rd1 g4+ 31. Kf2 h4 32. Nc5 Rb2 33. Ne6 Rh8 34. Nxd4+ Bxd4+ 35. Rxd4 hxg3+ 36. Kxg3 Rh3+ 37. Kg2 Rc3 38. Re5+ Kf6 39. Re2 Rcxc2 40. Rxc2 Rxc2+ 41. Kg3 Kf5 42. Rd3 Rxc4 43. Re3 Rxf4 44. Rc3 Ra4 45. Rc5+ Ke4 46. Kxg4 Kd4 47. Rc1 c5 48. h4 c4 49. h5 Ra6 50. Kg5 Rxa3 51. Rh1 Rg3+ 52. Kf6 c3 53. h6 Rg8 54. h7 Rb8 0-1


[Site "https://www.chess.com"]